Map: Dusk Towers

Players

Stork

  • Race: Protoss Protoss
  • League: Master

State - Winner!

  • Race: Protoss Protoss
  • League: Grandmaster

VOD

Have the link to the VOD?

Description

Time

  • Played on: Nov. 24, 2015, 7:52 p.m.
  • Length: 14:46
Show
View Real Time Build Order
Export as new Build Order

Stork Protoss 

Build Orders: 1 Gate Expand, Blink Stalkers 

Get SALT Encoding   

  12  0:01  Probe (Chrono Boost)  
  13  0:12  Probe (Chrono Boost)  
  14  0:18  Pylon  
  14  0:23  Probe (Chrono Boost)  
  15  0:36  Probe (Chrono Boost)  
  15  0:37  Gateway  
  16  0:46  Probe (Chrono Boost)  
  16  0:47  Assimilator  
  17  0:54  Pylon  
  17  0:57  Probe (Chrono Boost)  
  18  1:08  Probe (Chrono Boost)  
  19  1:18  Probe (Chrono Boost)  
  20  1:24  Cybernetics Core  
  20  1:29  Probe (Chrono Boost)  
  21  1:39  Probe (Chrono Boost)  
  22  1:44  Nexus  
  22  1:50  Probe (Chrono Boost)  
  22  1:52  Assimilator  
  23  2:01  Mothership Core (Chrono Boost)  
  25  2:04  Adept  
  27  2:11  Pylon  
  27  2:19  Probe (Chrono Boost), Warp Gate  
  29  2:30  Probe (Chrono Boost)  
  29  2:31  Stalker  
  31  2:40  Probe (Chrono Boost)  
  32  2:47  Twilight Council  
  32  2:51  Probe (Chrono Boost)  
  33  2:56  Probe (Chrono Boost)  
  34  3:01  Stalker, Probe (Chrono Boost)  
  37  3:07  Probe (Chrono Boost)  
  37  3:12  Probe (Chrono Boost)  
  39  3:17  Probe (Chrono Boost)  
  40  3:22  Probe (Chrono Boost)  
  40  3:26  Blink (Chrono Boost)  
  37  3:31  Probe (Chrono Boost)  
  37  3:33  Probe (Chrono Boost)  
  38  3:41  Probe (Chrono Boost)  
  38  3:45  Gateway x2  
  39  3:50  Gateway  
  39  3:52  Probe (Chrono Boost)  
  39  3:53  Probe (Chrono Boost)  
  41  4:03  Probe  
  41  4:04  Probe  
  41  4:08  Pylon  
  43  4:13  Probe  
  43  4:15  Pylon  
  43  4:16  Probe  
  45  4:18  Robotics Facility  
  45  4:22  Stalker  
  45  4:24  Probe  
  47  4:28  Probe  
  49  4:37  Pylon  
  49  4:39  Pylon  
  49  4:47  Nexus  
  49  4:54  Stalker x2  
  49  4:55  Probe  
  49  4:56  Probe  
  55  5:00  Stalker  
  55  5:04  Stalker  
  55  5:05  Probe  
  59  5:08  Probe, Observer (Chrono Boost)  
  62  5:15  Assimilator  
  62  5:16  Probe, Assimilator  
  62  5:20  Probe  
  64  5:25  Forge  
  64  5:27  Probe (Chrono Boost), Pylon  
  65  5:32  Observer (Chrono Boost)  
  65  5:33  Probe (Chrono Boost)  
  67  5:39  Probe (Chrono Boost)  
  67  5:41  Robotics Bay  
  68  5:46  Pylon  
  68  5:48  Probe (Chrono Boost), Assimilator  
  68  5:49  Probe (Chrono Boost)  
  70  5:53  Assimilator  
  70  5:57  Protoss Ground Weapons Level 1 (Chrono Boost)  
  70  5:58  Probe x2  
  72  6:06  Pylon  
  72  6:09  Probe  
  72  6:10  Probe  
  74  6:16  Probe  
  75  6:19  Probe  
  75  6:22  Probe  
  77  6:26  Probe  
  77  6:27  Robotics Facility  
  77  6:28  Disruptor  
  77  6:30  Probe  
  82  6:33  Stalker x4  
  82  6:34  Probe  
  82  6:35  Pylon  
  82  6:38  Probe  
  92  6:40  Probe  
  92  6:47  Probe, Charge  
  94  6:48  Probe, Pylon  
  94  6:51  Probe  
  96  6:59  Probe x2  
  98  7:05  Disruptor (Chrono Boost)  
  98  7:08  Stalker x4  
  109  7:12  Gateway  
  109  7:13  Probe x2  
  109  7:14  Probe  
  112  7:22  Protoss Ground Weapons Level 2 (Chrono Boost)  
  112  7:26  Gateway  
  112  7:27  Gateway  
  112  7:29  Gateway x2  
  112  7:31  Pylon  
  112  7:34  Disruptor (Chrono Boost)  
  115  7:41  Disruptor (Chrono Boost)  
  118  7:52  Zealot x2  
  118  7:53  Zealot x2  
  118  7:56  Templar Archives  
  126  7:59  Pylon  
  126  8:01  Pylon  
  126  8:17  Nexus  
  126  8:18  Pylon  
  112  8:31  Stalker x4  
  114  8:40  Stalker x5  
  124  8:42  Disruptor (Chrono Boost)  
  124  8:43  Disruptor (Chrono Boost)  
  124  8:47  Pylon  
  106  9:13  Stalker x6  
  106  9:14  Stalker x2, Disruptor x2 (Chrono Boost)  
  106  9:16  Zealot  
  118  9:30  Assimilator  
  118  9:34  Assimilator  
  118  9:37  Gateway  
  117  9:39  Zealot x5  
  117  9:40  Zealot x2  
  117  9:44  Zealot x2  
  128  10:00  Disruptor (Chrono Boost)  
  128  10:01  Disruptor (Chrono Boost)  
  128  10:03  Zealot x4  
  128  10:04  Zealot  
  143  10:07  High Templar x2  
  143  10:08  High Templar x2  
  143  10:12  Archon x2  
  150  10:28  Probe  
  124  10:29  Probe x3  
  128  10:38  Probe  
  128  10:40  High Templar x3  
  128  10:41  Probe x3, High Templar  
  136  10:43  Zealot  
  136  10:44  Zealot x4  
  136  10:46  Archon x2  
  146  10:55  Probe x3  
  140  11:20  Stalker x3  
  140  11:21  Stalker x7  
  140  11:23  Probe  
  140  11:24  Probe  
  140  11:25  Probe x2  
  161  11:40  Assimilator  
  161  11:46  High Templar x4  
  169  11:47  Zealot x6  
  169  11:53  Archon  
  181  11:54  Archon  
  167  12:14  Zealot x6  
  178  12:16  Disruptor x2 (Chrono Boost)  
  178  12:20  Zealot x2, High Templar x2  
  191  12:27  Archon  
  146  12:58  Stalker  
  146  12:59  Stalker x9  
  111  13:26  Stalker x6  
  111  13:27  Stalker x3  
  125  13:31  Disruptor (Chrono Boost)  
  125  13:32  Disruptor (Chrono Boost)  
  133  13:51  Nexus  
  133  13:54  Pylon  
  133  13:59  High Templar x4  
  133  14:00  Zealot  
  133  14:01  Zealot  
  145  14:03  Archon x2  
  145  14:08  Stalker x4  
Show
View Real Time Build Order
Export as new Build Order

State Protoss - Winner!

Build Orders: 1 Gate Expand, Blink Stalkers 

Get SALT Encoding   

  12  0:02  Probe (Chrono Boost)  
  13  0:12  Probe (Chrono Boost)  
  14  0:19  Pylon  
  14  0:23  Probe (Chrono Boost)  
  15  0:37  Probe (Chrono Boost)  
  15  0:41  Gateway  
  16  0:48  Probe (Chrono Boost), Assimilator  
  17  0:58  Probe (Chrono Boost)  
  18  1:09  Probe (Chrono Boost)  
  19  1:18  Nexus  
  19  1:20  Probe (Chrono Boost)  
  20  1:31  Cybernetics Core  
  20  1:34  Probe (Chrono Boost)  
  20  1:38  Assimilator  
  21  1:44  Probe (Chrono Boost)  
  22  1:51  Pylon  
  22  1:55  Probe (Chrono Boost)  
  23  2:09  Mothership Core (Chrono Boost), Adept  
  27  2:16  Warp Gate  
  27  2:27  Probe (Chrono Boost)  
  28  2:30  Probe (Chrono Boost)  
  28  2:35  Twilight Council  
  29  2:38  Probe (Chrono Boost), Adept  
  29  2:41  Probe (Chrono Boost)  
  33  2:47  Pylon  
  33  2:48  Probe (Chrono Boost)  
  34  2:51  Probe (Chrono Boost)  
  35  2:59  Probe (Chrono Boost)  
  35  3:02  Probe (Chrono Boost)  
  37  3:06  Adept  
  37  3:10  Probe (Chrono Boost)  
  41  3:12  Probe (Chrono Boost)  
  40  3:20  Probe (Chrono Boost)  
  40  3:23  Probe (Chrono Boost)  
  42  3:30  Probe (Chrono Boost)  
  42  3:31  Blink (Chrono Boost)  
  42  3:32  Probe  
  44  3:41  Stalker  
  44  3:42  Probe x2  
  44  3:48  Robotics Facility  
  46  3:50  Gateway  
  46  3:53  Probe  
  46  3:54  Probe  
  48  3:58  Gateway  
  48  3:59  Gateway  
  48  4:11  Nexus  
  48  4:20  Probe, Pylon  
  48  4:21  Probe  
  50  4:28  Assimilator  
  50  4:29  Assimilator  
  50  4:30  Probe  
  50  4:33  Probe  
  50  4:37  Observer (Chrono Boost)  
  52  4:38  Pylon  
  52  4:43  Stalker, Probe  
  56  4:45  Probe  
  56  4:47  Pylon  
  57  4:55  Probe, Observer  
  57  4:57  Probe  
  60  5:01  Stalker x2  
  60  5:02  Stalker  
  67  5:07  Probe  
  67  5:10  Probe  
  67  5:11  Gateway  
  67  5:12  Gateway  
  68  5:19  Probe  
  69  5:22  Probe  
  69  5:23  Probe  
  69  5:25  Stalker  
  69  5:27  Stalker  
  75  5:31  Immortal, Probe (Chrono Boost)  
  75  5:34  Probe x2 (Chrono Boost)  
  82  5:45  Probe x2 (Chrono Boost)  
  82  5:46  Probe (Chrono Boost)  
  85  5:52  Robotics Bay  
  85  5:54  Robotics Facility  
  85  5:56  Probe x2 (Chrono Boost)  
  88  5:57  Probe (Chrono Boost)  
  88  6:02  Stalker x2  
  92  6:06  Forge  
  92  6:11  Probe (Chrono Boost)  
  92  6:13  Probe (Chrono Boost)  
  90  6:18  Assimilator  
  90  6:22  Pylon, Assimilator  
  90  6:24  Pylon  
  90  6:25  Pylon  
  90  6:32  Probe (Chrono Boost)  
  92  6:34  Probe (Chrono Boost)  
  92  6:37  Disruptor (Chrono Boost)  
  92  6:38  Disruptor (Chrono Boost)  
  98  6:49  Protoss Ground Weapons Level 1 (Chrono Boost)  
  98  6:53  Stalker x6  
  110  7:02  Probe x2  
  110  7:07  Probe  
  113  7:09  Nexus, Disruptor  
  113  7:12  Pylon  
  113  7:13  Pylon  
  113  7:14  Probe  
  116  7:25  Disruptor, Pylon  
  116  7:28  Pylon, Photon Cannon  
  116  7:30  Pylon  
  119  7:40  Disruptor  
  119  7:43  Probe x2  
  121  7:49  Stalker x6  
  136  7:57  Gateway  
  136  7:58  Gateway, Disruptor  
  136  7:59  Photon Cannon x2  
  139  8:09  Observer Gravitic Boosters  
  139  8:15  Stalker x4  
  141  8:23  Stalker x2  
  137  8:31  Probe  
  137  8:32  Probe x2  
  137  8:33  Probe  
  141  8:37  Disruptor, Warp Prism  
  141  8:42  Probe  
  141  8:44  Probe  
  119  9:06  Stalker x6  
  128  9:10  Disruptor x2  
  134  9:18  Stalker x2  
  138  9:27  Gateway  
  138  9:30  Gateway x2  
  138  9:31  Gateway  
  138  9:39  Stalker x6  
  138  9:41  Disruptor x2  
  150  9:48  Stalker x2  
  160  10:02  Stalker x5  
  160  10:03  Stalker  
  172  10:20  Pylon  
  169  10:22  Dark Shrine  
  166  10:32  Stalker  
  166  10:34  Stalker x2  
  163  10:45  Stalker x7  
  163  10:47  Probe  
  175  11:13  Stalker x2, Disruptor  
  179  11:21  Probe  
  180  11:33  Pylon  
  180  11:35  Pylon, Assimilator  
  180  11:37  Pylon, Photon Cannon, Assimilator  
  180  11:40  Photon Cannon  
  180  11:41  Gateway, Photon Cannon, Resonating Glaives (Chrono Boost)  
  180  11:42  Gateway  
  180  11:43  Photon Cannon x2  
  180  11:46  Disruptor  
  183  11:59  Nexus  
  183  12:01  Pylon  
  183  12:02  Pylon  
  183  12:08  Probe  
  172  12:30  Stalker x3  
  172  12:31  Stalker x8  
  192  12:44  Dark Templar  
  148  12:51  Disruptor  
  148  12:52  Disruptor  
  148  12:53  Stalker x4  
  148  12:54  Stalker x7  
  131  13:19  Stalker x2  
  113  13:20  Stalker x7  
  113  13:21  Stalker x2  
  113  13:22  Warp Prism  
  113  13:23  Warp Prism  
  129  13:30  Probe  
  134  13:38  Adept  
  134  13:39  Adept x2  
  140  13:46  Photon Cannon  
  140  13:48  Photon Cannon  
  140  13:50  Assimilator  
  140  13:53  Disruptor  
  140  13:54  Disruptor, Assimilator  
  140  13:56  Stalker x3  
  140  13:57  Stalker x8  
  168  14:14  Adept x3  
  153  14:31  Stalker x2  
  153  14:32  Stalker x9  
Tags
 
Add a new tag
Caveats
  • Supply blocks, unpowered buildings, or Contaminate may cause inaccurate times.
  • Supply counts are checked every 10 seconds.